woodfighter, chaotic female elven Rogue ----- |...| |...| |...|# |....# ....|# |...|#### -----### ----- # |.`.| ###|.@r| #..... --.-- woodfighter the Cutpurse Experience level: 5 Strength: 14 Dexterity: 18 Constitution: 11 Intelligence: 10 Wisdom: 8 Charisma: 11 Health: 0(34) Energy: 21(21) Def: 3 Gold: 0 Moves: 2731 Dungeon seed: 326NpwPexvh4y-rg Game ID: woodfighter_1515957053 Your Inventory: Weapons a - a +0 elven short sword (weapon in hand) b - 8 +0 elven daggers (in quiver) Armor e - an uncursed +1 leather armor (being worn) n - an uncursed +0 orcish helm Comestibles v - an uncursed eucalyptus leaf C - an uncursed sprig of wolfsbane Wands h - a wand of opening (0:3) q - a wand of striking (0:7) R - a wand of striking (0:5) Tools g - an uncursed blindfold y - an uncursed lock pick Spells and supernatural/magical abilities: Name Level Category Fail Memory W - pray for help -- divine ? -- Your skills at the end: Miscellaneous Skills wands [Basic] Weapon Skills dagger [Basic] short sword [Basic] Spellcasting Skills Final Attributes: You were piously aligned. You were sleep resistant. You were telepathic. You had infravision. You were very stealthy. You are dead. Vanquished creatures: a rock piercer a shrieker 4 elf zombies a giant ant 2 floating eyes a kitten an iguana 2 jitterbugs a giant bat a dwarf zombie a hobbit a large kobold 3 geckos a hobgoblin a cave spider 5 jackals 3 newts 3 goblins a sewer rat 4 grid bugs 5 lichens 2 kobold zombies 45 creatures vanquished. Voluntary challenges: You did not adorn yourself with jewelry or accessories. You did not cause conflict. You were not invisible. You did not have reflection. You were not displaced. You were an atheist. You used a wielded weapon 75 times, starting on turn 2. You did not apply a unicorn horn. You did not use plumbed fixtures. You did not drink any magical draughts. You read items or engraved 2 times, starting on turn 2182. You never genocided any monsters. You never polymorphed an object. You never changed form. You used no wishes. You never split a pudding. You never wrote Elbereth's name. You never violated your personal moral code. Dungeon overview: The Dungeons of Doom: levels 1 to 7 Level 1 a long staircase Level 2 some fountains Level 3 Level 4 some fountains stairs to The Gnomish Mines Level 5 (vault) a fountain Level 6 Level 7 <- You were here The Gnomish Mines: Level 5 stairs to The Dungeons of Doom History has recorded: On T:1 you entered the Dungeons of Doom to retrieve the Amulet of Yendor! On T:310 you reached level 2 of The Dungeons of Doom. On T:452 you reached level 3 of The Dungeons of Doom. On T:485 you advanced to experience level 2. On T:751 you advanced to experience level 3. On T:1090 you reached level 4 of The Dungeons of Doom. On T:1144 you reached level 5 of The Dungeons of Doom. On T:1195 you reached level 1 of The Gnomish Mines. On T:1755 you advanced to experience level 4. On T:2013 you reached level 6 of The Dungeons of Doom. On T:2198 you reached level 7 of The Dungeons of Doom. On T:2551 you advanced to experience level 5. Score breakdown: Gold: 0 ( 0 points) Experience: 5 levels ( 400 points) Exploration: 7 levels ( 180 points) Discoveries: 3 items ( 150 points) Variety of kills: 22 monsters ( 1100 points) Major goal: (nothing yet) ( 0 points) Survival: died (score multiplied by 3) Total score: 5490 Latest messages: The giant ant bites! You kill the giant ant! You have a little trouble lifting W - a scroll labeled DUAM XNAHT. Your movements are slowed slightly because of your load. You put a scroll labeled DUAM XNAHT into the sack. You hear the splashing of a naiad. You drop an uncursed sack. Your movements are now unencumbered. The rabid rat bites! You stab the rabid rat. The rabid rat bites! You stab the rabid rat! The rabid rat bites! The rabid rat's bite was poisoned! You feel very sick! You stab the rabid rat. The rabid rat bites! You stab the rabid rat. The rabid rat bites! The rabid rat's bite was poisoned! Elf, your life force is running out. You die... Final status: Goodbye woodfighter the Rogue, killed by a rabid rat... You died in The Dungeons of Doom on dungeon level 7 with 5490 points, and 0 pieces of gold, after 2731 moves. You were level 5 with a maximum of 34 hit points when you died.